 Dungeon Crawl Stone Soup version 0.17.1-3-g152610e (webtiles) character file.

270 Locuples the Slasher (level 6, -4/51 HPs)
             Began as a Minotaur Fighter on Apr 12, 2016.
             Was an Initiate of the Shining One.
             Slain by Locuples's ghost (7 damage)
             ... on level 4 of the Dungeon.
             The game lasted 00:09:34 (2434 turns).

Locuples the Slasher (Minotaur Fighter)             Turns: 2434, Time: 00:09:34

Health: -4/51      AC:  9    Str: 22      XL:     6   Next: 1%
Magic:  5/5        EV:  4    Int:  5      God:    the Shining One [......]
Gold:   98         SH: 10    Dex:  8 (10) Spells: 0 memorised, 5 levels left

rFire  . . .     SeeInvis .     a - +0 long sword
rCold  . . .     Clarity  .     m - +0 plate armour
rNeg   . . .     SustAt   .     c - +1 shield
rPois  .         Gourm    .     (helmet restricted)
rElec  .         Spirit   .     (no cloak)
rCorr  .         Warding  .     (no gloves)
rMut   .         Stasis   .     (no boots)
MR     .....                    (no amulet)
Stlth  ..........               (no ring)
                                l - -2 ring of protection (curse)

@: lethally poisoned (-4 -> -6), not resistant to hostile enchantments,
extremely unstealthy
A: retaliatory headbutt, horns 2, talons 1, blurry vision 1, subdued magic 1
a: Renounce Religion


You were on level 4 of the Dungeon.
You worshipped the Shining One.
The Shining One was noncommittal.
You were hungry.

You visited 2 branches of the dungeon, and saw 5 of its levels.

You collected 98 gold pieces.

Inventory:

Hand Weapons
 a - a +0 long sword (weapon)
Armour
 c - a +1 shield (worn)
 m - a +0 plate armour (worn)
Jewellery
 l - a cursed -2 ring of protection (left hand)
Wands
 s - a wand of polymorph (14)
Scrolls
 b - a scroll of enchant armour
 d - 2 scrolls of fog {unknown}
 g - a scroll of remove curse {unknown}
 k - a scroll of random uselessness {unknown}
 n - a scroll of amnesia {unknown}
 q - a scroll of identify {unknown}
 t - a scroll of immolation {unknown}
Potions
 j - a potion of degeneration
Comestibles
 e - 4 bread rations
 h - 3 beef jerkies
 i - a meat ration
 o - a royal jelly


   Skills:
 - Level 3.6 Fighting
 * Level 7.6 Long Blades
 - Level 3.6 Armour
 - Level 3.6 Shields


You had 5 spell levels left.
You didn't know any spells.

Dungeon Overview and Level Annotations

Branches:
Dungeon (4/15)             Temple (1/1) D:4

Altars:
Ashenzari
Cheibriados
Dithmenos
Gozag
Kikubaaqudgha
Makhleb
Okawaru
Qazlal
Ru
Trog
Yredelemnul
Zin
The Shining One

Shops:
D:4 *

Annotations:
D:4 Locuples's ghost, amateur DDFi


Innate Abilities, Weirdness & Mutations

You reflexively headbutt those who attack you in melee.
You have a pair of horns on your head.
You have sharp toenails.
Scrolls take you a little longer to read.
Your spells are a little easier to cast, but a little less powerful.


Message History

You claw Locuples's ghost, but do no damage.
Locuples's ghost is heavily damaged.
You feel sick.
Locuples's ghost hits you but does no damage.
An orc comes into view. It is wielding a short sword.
The orc shouts! x2
You hit Locuples's ghost but do no damage.
Locuples's ghost is heavily damaged.
Locuples's ghost hits you.
* * * LOW HITPOINT WARNING * * *
x2 An orc comes into view. It is wielding a mace.
Drink which item? (? for menu, Esc to quit)
Okay, then.
Okay, then.
The orc shouts!
You hit Locuples's ghost but do no damage.
Locuples's ghost is heavily damaged.
You block Locuples's ghost's attack.
The orc moves out of view.
Locuples's ghost hits you!
You die...

#.#.. #.... #.... ###...#
######### #.+...# ........#
#@#...# ........########W#...##
..<............ol.....#
.............l.o....#.# ####.##
o..........o........#.##......#
.........$.......##.#.##.......
.................##.#.##....#..
....................#.##.......
.#####..........#####.#......#


You could see an iguana, Locuples's ghost and 2 orcs.

Vanquished Creatures
  Sigmund (D:3)
  Jessica (D:3)
  4 adders
  A worm (D:3)
  2 giant geckos
  An orc (D:3)
  A ball python (D:1)
  5 bats
  6 goblins
  9 hobgoblins
  A quokka (D:2)
  4 giant cockroaches
  3 giant newts
  5 kobolds
  4 rats
48 creatures vanquished.

Notes
Turn   | Place    | Note
--------------------------------------------------------------
     0 | D:1      | Locuples the Minotaur Fighter began the quest for the Orb.
     0 | D:1      | Reached XP level 1. HP: 19/19 MP: 0/0
   283 | D:1      | Reached XP level 2. HP: 26/26 MP: 1/1
   604 | D:2      | Reached skill level 4 in Long Blades
   744 | D:2      | Reached XP level 3. HP: 21/31 MP: 2/2
   955 | D:2      | Found a sacrificial altar of Ru.
  1462 | D:3      | Noticed Sigmund
  1541 | D:3      | Noticed Jessica
  1553 | D:3      | Killed Jessica
  1553 | D:3      | Reached skill level 5 in Long Blades
  1553 | D:3      | Reached XP level 4. HP: 31/39 MP: 3/3
  1695 | D:3      | Found a faded altar to an unknown god.
  1756 | D:3      | Became a worshipper of Qazlal Stormbringer
  1756 | D:3      | Reached * piety under Qazlal
  1965 | D:3      | Gained mutation: You have sharp toenails. [potion of mutation]
  1965 | D:3      | Gained mutation: Your spells are a little easier to cast, but a little less powerful. [potion of mutation]
  1965 | D:3      | Gained mutation: Scrolls take you a little longer to read. [potion of mutation]
  1969 | D:3      | Killed Sigmund
  1969 | D:3      | Reached skill level 7 in Long Blades
  1969 | D:3      | Reached XP level 5. HP: 20/45 MP: 4/4
  2085 | D:4      | Found a staircase to the Ecumenical Temple.
  2100 | Temple   | Entered the Ecumenical Temple
  2314 | Temple   | Fell from the grace of Qazlal
  2314 | Temple   | Became a worshipper of the Shining One
  2355 | D:4      | Found Fralolo's Fabulous Fripperies.
  2403 | D:4      | Reached XP level 6. HP: 32/51 MP: 5/5
  2411 | D:4      | Noticed Locuples's ghost (amateur DDFi)
  2434 | D:4      | Slain by Locuples's ghost

Action                   |  1- 3 |  4- 6 || total
-------------------------+-------+-------++-------
Melee: Long sword        |    97 |    64 ||   161
  Use: Scroll            |     3 |       ||     3
       Potion            |       |     7 ||     7
  Eat: Chunk             |       |     4 ||     4
